 Dungeon Crawl Stone Soup version 0.31.0-9-g3a7656b989 (webtiles) character file.

Game seed: 4853695603096955086

709 qw the Skirmisher (level 7, 0/40 HPs)
             Began as a Deep Elf Hunter on Feb 3, 2024.
             Was a Follower of Okawaru.
             Slain by a water moccasin (3 damage)
             ... on level 5 of the Dungeon.
             The game lasted 00:02:02 (3641 turns).

qw the Skirmisher (Deep Elf Hunter)                 Turns: 3641, Time: 00:02:03

Health: 0/40       AC: 10    Str: 10    XL:     7   Next: 40%
Magic:  9/9        EV: 11    Int: 14    God:    Okawaru [*.....]
Gold:   282        SH:  0    Dex: 18    Spells: 6/6 levels left

rFire   + . .        n - +8 arbalest of the Tiger {heavy, Fly rElec rF+}
rCold   . . .        (shield currently unavailable)
rNeg    . . .        j - +0 ring mail
rPois   .            m - +0 helmet
rElec   +            (no cloak)
rCorr   .            f - +0 pair of gloves
SInv    .            i - +2 pair of boots
Will    .....        (no amulet)
Stlth   +            (no ring)
HPRegen 0.26/turn    (no ring)
MPRegen 0.11/turn

%: no passive effects
@: lethally poisoned (0 -> -12), about to teleport, flying
A: no striking features
a: Renounce Religion, Heroism


You were on level 5 of the Dungeon.
You worshipped Okawaru.
Okawaru was aware of your devotion.
You visited 2 branches of the dungeon, and saw 6 of its levels.
You also visited: Sewer.

You collected 282 gold pieces.


   Skills:
 - Level 2.0 Fighting
 + Level 11.2 Ranged Weapons
 - Level 1.0 Armour
 - Level 3.4 Dodging
 - Level 1.2 Stealth
 + Level 0.0 Invocations


You had 6 spell levels left.
You didn't know any spells.
Your spell library was empty.

Inventory:

Hand Weapons
 n - the +8 arbalest of the Tiger (weapon) {heavy, Fly rElec rF+}
   (You acquired it on level 4 of the Dungeon)

   rF+:       It protects you from fire.
   rElec:     It insulates you from electricity.
   Fly:       It grants you flight.
Armour
 f - a +0 pair of gloves (worn)
 i - a +2 pair of boots (worn)
 j - a +0 ring mail (worn)
 m - a +0 helmet (worn)
Wands
 b - a wand of iceblast (7)
 c - a wand of acid (6)
Scrolls
 k - 2 scrolls of brand weapon
Potions
 d - a potion of haste
 g - 2 potions of curing
 h - a potion of might {unknown}
 l - a potion of magic {unknown}
 o - 2 potions of enlightenment
 p - 2 potions of mutation
 r - a potion of invisibility {unknown}

Dungeon Overview and Level Annotations

Branches:
Dungeon (5/15)             Temple (1/1) D:4           Sewer (visited)

Altars:
Ashenzari
Dithmenos
Elyvilon
Fedhas
Hepliaklqana
Kikubaaqudgha
Makhleb
Nemelex Xobeh
Okawaru
Qazlal
Ru
Sif Muna
Vehumet
Wu Jian
Xom
Yredelemnul
Zin
The Shining One


Message History

A water moccasin comes into view.
You shoot a bolt.
The bolt closely misses the water moccasin.
The water moccasin hisses angrily.
You shoot a bolt.
The bolt closely misses the water moccasin.
The water moccasin barely misses you. x2
You shoot a bolt. The bolt misses the water moccasin.
The water moccasin barely misses you. x2
The water moccasin bites you but does no damage.
You shoot a bolt.
The bolt closely misses the water moccasin.
The water moccasin bites you but does no damage. x3
You shoot a bolt. The bolt hits the water moccasin!
The water moccasin is moderately wounded.
The water moccasin bites you but does no damage.
The water moccasin bites you.
You are poisoned.
The water moccasin poisons you!
The water moccasin bites you but does no damage.
You shoot a bolt. The bolt hits the water moccasin.
The water moccasin is moderately wounded.
You feel very sick. The water moccasin bites you. x3
You shoot a bolt.
The bolt barely misses the water moccasin.
You feel very sick.
The water moccasin bites you but does no damage.
The water moccasin bites you! The water moccasin bites you.
3640 ||| READING scroll of teleportation.
As you read the scroll of teleportation, it crumbles to dust.
You feel strangely unstable.
You feel sick. The water moccasin barely misses you.
You shoot a bolt. The bolt hits the water moccasin!
The water moccasin is almost dead.
You feel very sick. The water moccasin bites you.
You are lethally poisoned!
The water moccasin poisons you! The water moccasin bites you.
You die...

. ...#########
...........######
.......<.....?...
...######@S.#####
#.........
##...##### ##.##
##


You could see a water moccasin.

Vanquished Creatures
  A brain worm (Sewer)
  4 necrophages (D:4)
  A water moccasin zombie (D:4)
  A hound (D:4)
  2 orc wizards
  2 iguanas
  9 adders
  2 river rats
  An adder zombie (D:4)
  2 dart slugs
  3 ribbon worms
  9 orcs
  8 endoplasms
  5 giant cockroaches
  4 goblins
  10 hobgoblins
  2 jackals
  6 quokkas
  10 ball pythons
  11 bats
  8 frilled lizards
  10 kobolds
  4 rats
115 creatures vanquished.

Notes
Turn   | Place    | Note
-------+----------+-------------------------------------------
     0 | D:1      | qw the Deep Elf Hunter began the quest for the Orb.
     0 | D:1      | Reached XP level 1. HP: 12/12 MP: 3/3
     0 | D:1      | 0 ||| qw: Version: 0.3-a-155-g5e7d8dd
     0 | D:1      | 0 ||| qw: Game counter: 3057
     0 | D:1      | 0 ||| qw: Melee chars always use a shield: true
     0 | D:1      | 0 ||| qw: God list: Okawaru
     0 | D:1      | 0 ||| qw: Allow faded altars: false
     0 | D:1      | 0 ||| qw: Do Orc after clearing Dungeon:15 true
     0 | D:1      | 0 ||| qw: Do second Lair branch before Depths: true
     0 | D:1      | 0 ||| qw: Lair rune preference: random
     0 | D:1      | 0 ||| qw: Goals: Normal
     0 | D:1      | 0 ||| PLANNING D:1-11
   116 | D:1      | HP: 3/12 [quokka (1)]
   118 | D:1      | Reached XP level 2. HP: 4/16 MP: 4/4
   119 | D:1      | Reached skill level 6 in Ranged Weapons
   619 | D:1      | Reached XP level 3. HP: 20/20 MP: 5/5
   877 | D:1      | 877 ||| UPGRADING to +0 pair of gloves.
   882 | D:1      | 882 ||| UPGRADING to +2 pair of boots.
   887 | D:1      | 887 ||| UPGRADING to +0 helmet.
   892 | D:1      | 892 ||| READING scroll labelled NON LEX GUONK.
   892 | D:1      | 892 ||| ENCHANTING +0 shortbow.
   893 | D:1      | 893 ||| READING scroll labelled ENIYZO NOIJAM.
   894 | D:1      | 894 ||| READING scroll labelled VAGIEST GAFEUL.
   895 | D:1      | 895 ||| READING scroll labelled NOELA ATES.
   898 | D:1      | 898 ||| READING scroll labelled GOIVEMI IDUAS.
   899 | D:1      | 899 ||| DROPPING scroll of butterflies.
   976 | D:2      | Reached skill level 7 in Ranged Weapons
  1102 | D:2      | Reached XP level 4. HP: 25/25 MP: 6/6
  1353 | D:2      | 1353 ||| UPGRADING to +0 ring mail.
  1363 | D:2      | 1363 ||| DROPPING +0 leather armour.
  1364 | D:2      | 1364 ||| READING scroll labelled XETEEBIERA.
  1485 | D:3      | 1485 ||| PLANNING SEWER
  1497 | D:3      | Found a glowing drain.
  1523 | Sewer    | Entered a sewer
  1526 | Sewer    | Reached skill level 8 in Ranged Weapons
  1651 | Sewer    | Reached skill level 1 in Armour
  1686 | Sewer    | Reached XP level 5. HP: 20/29 MP: 7/7
  1886 | Sewer    | Reached skill level 9 in Ranged Weapons
  2113 | Sewer    | 2113 ||| READING scroll labelled ONOUSA WOAKHYSUO.
  2114 | Sewer    | 2114 ||| READING 3 scrolls labelled TINUTY IDININT.
  2114 | Sewer    | 2114 ||| BRANDING +1 shortbow.
  2115 | Sewer    | 2115 ||| READING 2 scrolls of brand weapon.
  2115 | Sewer    | 2115 ||| BRANDING +1 shortbow of draining.
  2116 | Sewer    | 2116 ||| READING scroll labelled REORPH RUWIARIY.
  2116 | Sewer    | 2116 ||| IDENTIFYING dark potion
  2117 | Sewer    | 2117 ||| DROPPING potion of brilliance.
  2140 | D:3      | 2140 ||| PLANNING D:1-11
  2186 | D:3      | Reached XP level 6. HP: 31/35 MP: 8/8
  2264 | D:3      | Found a glowing golden altar of the Shining One.
  2732 | D:3      | 2732 ||| READING scroll labelled WUTIENT ZEIXAI.
  2733 | D:3      | 2733 ||| READING scroll labelled QUOSES HULYIDYSM.
  2734 | D:3      | 2734 ||| DRINKING 3 white potions.
  2746 | D:4      | Identified the +8 mace of Day {spect, Str+3}
  2953 | D:4      | Found a staircase to the Ecumenical Temple.
  2954 | D:4      | 2954 ||| PLANNING TEMPLE
  2962 | Temple   | Entered the Ecumenical Temple
  2963 | Temple   | 2963 ||| PLANNING OKAWARU WORSHIP
  2996 | Temple   | Became a worshipper of Warmaster Okawaru
  2997 | Temple   | 2997 ||| PLANNING D:1-11
  3118 | D:4      | Found a white marble altar of Elyvilon.
  3222 | D:4      | Reached skill level 10 in Ranged Weapons
  3331 | D:4      | Found a blossoming altar of Fedhas.
  3462 | D:4      | 3462 ||| RETREEEEATING.
  3463 | D:4      | 3463 ||| RETREEEEATING.
  3464 | D:4      | 3464 ||| RETREEEEATING.
  3465 | D:4      | 3465 ||| RETREEEEATING.
  3466 | D:4      | 3466 ||| RETREEEEATING.
  3467 | D:4      | 3467 ||| RETREEEEATING.
  3468 | D:4      | 3468 ||| RETREEEEATING.
  3469 | D:4      | 3469 ||| RETREEEEATING.
  3470 | D:4      | 3470 ||| RETREEEEATING.
  3471 | D:4      | 3471 ||| RETREEEEATING.
  3472 | D:4      | 3472 ||| RETREEEEATING.
  3473 | D:4      | 3473 ||| RETREEEEATING.
  3474 | D:4      | 3474 ||| RETREEEEATING.
  3475 | D:4      | 3475 ||| RETREEEEATING.
  3476 | D:4      | 3476 ||| RETREEEEATING.
  3477 | D:4      | 3477 ||| RETREEEEATING.
  3478 | D:4      | 3478 ||| RETREEEEATING.
  3479 | D:4      | 3479 ||| RETREEEEATING.
  3480 | D:4      | 3480 ||| RETREEEEATING.
  3481 | D:4      | 3481 ||| RETREEEEATING.
  3482 | D:4      | 3482 ||| RETREEEEATING.
  3483 | D:4      | 3483 ||| RETREEEEATING.
  3490 | D:4      | Reached skill level 3 in Dodging
  3493 | D:4      | Reached XP level 7. HP: 31/40 MP: 9/9
  3502 | D:4      | Reached skill level 11 in Ranged Weapons
  3553 | D:4      | Reached * piety under Okawaru
  3572 | D:4      | 3572 ||| READING scroll of identify.
  3572 | D:4      | 3572 ||| IDENTIFYING black potion
  3573 | D:4      | 3573 ||| READING scroll labelled YFUGHO MEGRU.
  3573 | D:4      | Identified a scroll of acquirement
  3573 | D:4      | 3573 ||| ACQUIRING +8 arbalest of the Tiger {heavy, Fly
                  | rElec rF+}
  3573 | D:4      | Acquired the +8 arbalest of the Tiger {heavy, Fly rElec
                  | rF+}
  3575 | D:4      | 3575 ||| SWAPPING to +8 arbalest of the Tiger {heavy, Fly
                  | rElec rF+}.
  3576 | D:4      | 3576 ||| DROPPING +1 heavy shortbow.
  3577 | D:4      | 3577 ||| READING scroll labelled NOM EVIONEA.
  3629 | D:5      | Entered Level 5 of the Dungeon
  3639 | D:5      | HP: 9/40 [water moccasin (5)]
  3640 | D:5      | 3640 ||| READING scroll of teleportation.
  3641 | D:5      | HP: 3/40 [water moccasin (3)]
  3641 | D:5      | Slain by a water moccasin

Levels and vault maps discovered:
D:1:      eino_arrival_cavern_a, layout_loops_corners, minmay_tall_x
D:2:      minmay_spotlight, layout_rooms
D:3:      layout_loops_ring, old_standard_altar, portal_sewer_entry_b,
          dk_noncrumbling_2
D:4:      layout_rooms, fedhas_altar_decomposition, elyvilon_altar_5,
          minmay_temple_entry_poolview
D:5:      layout_loops_ring, minitemple, minmay_checkerbox, uniq_ijyb
Temple:   nicolae_temple_superstar

Skill      XL: |  1  2  3  4  5  6  7 |
---------------+----------------------+-----
Ranged Weapons | 6 7 8 9 10 11 | 11.2
Armour         | 1 |  1.0
Fighting       | 2 |  2.0
Dodging        | 3 |  3.4
Stealth        | |  1.2

Action                     |  1- 3 |  4- 6 |  7- 9 || total
---------------------------+-------+-------+-------++-------
   Fire: Shortbow          |    93 |   201 |    16 ||   310
         Arbalest          |       |       |     8 ||     8
    Use: Scroll            |     5 |     7 |     4 ||    16
         Potion            |       |     1 |       ||     1
 Armour: Leather armour    |    18 |       |       ||    18
         Ring mail         |       |    69 |    23 ||    92
  Dodge: Dodged            |    30 |    62 |    12 ||   104

Table legend:
 A = Non-vault XP
 B = Vault XP
 C = Vault XP percentage of total XP
 D = Non-vault monster count
 E = Vault monster count
 F = Vault count percentage of total count
                 A         B        C        D         E       F
            +---------+---------+-------+---------+---------+-------
      Total |     364 |     649 |  64.1 |      74 |      41 |  35.7
            +---------+---------+-------+---------+---------+-------
        D:1 |      44 |       7 |  13.7 |      26 |       4 |  13.3
        D:2 |      37 |      19 |  33.9 |      14 |       4 |  22.2
        D:3 |     127 |      18 |  12.4 |      18 |       4 |  18.2
        D:4 |     156 |     417 |  72.8 |      16 |       6 |  27.3
      Sewer |       0 |     188 | 100.0 |       0 |      23 | 100.0
            +---------+---------+-------+---------+---------+-------
